AoeStats
← Father Slugmas

Nomad

510610788Analyzed
3v3 RM · 12h ago on Oct 1, 2026· 30m 21s· 6 players
Game mode
Random Map
Map size
210×210
Population
200
Speed
Normal
Resources
Standard
Victory
Conquest
Starting age
Dark Age
Ending age
Imperial Age
RankedLock teamsTeams togetherTeam positionsShared explorationLock speedFull tech treeHidden civsTurbo modeCheats
Victory
Defeat
🇬🇧 Varangians · United Kingdom
1266
+17
🇬🇧 Danes · United Kingdom
1180
+21
🇬🇧 Italians · United Kingdom
1159
+22
🇪🇸 Ethiopians · Spain
1324
-21
🇨🇴 Slavs · Colombia
1323
-21
🇫🇷 Vikings · France
1228
-18
sasha
6:03 Loom
13:47 Feudal Age
juan quevedo
7:53 Loom
13:19 Feudal Age
18:10 Fletching
27:40 Castle Age
MPW_SCRaTCH
6:03 Loom
12:38 Feudal Age
13:07 Town Watch
16:32 Castle Age
18:20 Fletching
19:43 Stone Mining
Slug Life
5:36 Loom
15:29 Feudal Age
23:29 Castle Age
23:15 Double-Bit Axe
24:28 Medium Warships
26:06 Careening
27:00 Wheelbarrow
26:11 Town Watch
26:44 Bow Saw
27:01 Stone Mining
28:36 Gold Mining
Father Slugmas
4:17 Loom
13:30 Feudal Age
15:00 Double-Bit Axe
16:53 Wheelbarrow
16:07 Fishing Lines
16:21 Fishing Lines
17:22 Fletching
21:59 Castle Age
20:25 Padded Archer Armor
25:34 Castle Age
25:38 Crossbowman
26:24 Thumb Ring
King Slug
5:27 Loom
14:06 Feudal Age
14:36 Double-Bit Axe
18:15 Castle Age
17:54 Forging
17:46 Scale Mail Armor
18:10 Arson
18:27 Fishing Lines
20:23 Gambesons
21:49 Fletching
24:31 Bodkin Arrow
24:36 Padded Archer Armor
28:58 Thumb Ring
30:38 Wheelbarrow
29:49 Town Watch
Connection lost

Rejoining the realm…

Still unreachable

The connection could not be restored.

Session expired

The server has moved on; the page needs a fresh start.